 Dungeon Crawl Stone Soup version 0.32-a0-898-g7811c86cf0 (webtiles) character file.

Game seed: 8016255213588454893

5000 wildpjah the Carver (level 10, 0/79 HPs)
             Began as a Demonspawn Gladiator on Apr 4, 2024.
             Slain by a vault guard
             ... wielding a +0 broad axe
              (10 damage)
             ... in a bailey.
             The game lasted 00:24:03 (6581 turns).

wildpjah the Carver (Demonspawn Gladiator)          Turns: 6581, Time: 00:24:04

Health: 0/79       AC:  5    Str: 15    XL:     10   Next: 29%
Magic:  10/10      EV: 14    Int:  9    God:
Gold:   162        SH:  0    Dex: 18    Spells: 9/9 levels left

rFire   . . .        m - +2 double sword (elec)
rCold   . . .        (no shield)
rNeg    . . .        L - +0 troll leather armour
rPois   .            J - +2 hat
rElec   .            (no cloak)
rCorr   .            (no gloves)
SInv    .            (no boots)
Will    +....        (no amulet)
Stlth   ++           j - ring of willpower
HPRegen 1.13/turn    x - ring of flight
MPRegen 0.12/turn

%: no passive effects
@: flying
A: claws 2, hooves 1, powered by death 3
a: no special abilities


You were in a bailey.
You visited 1 branch of the dungeon, and saw 8 of its levels.
You also visited: Sewer and Bailey.

You collected 288 gold pieces.
You spent 126 gold pieces at shops.

Inventory:

Hand Weapons
 a - a +0 long sword
 k - a +0 falchion
 m - a +2 double sword of electrocution (weapon)
 w - a +0 short sword of venom
Missiles
 d - 3 throwing nets (quivered)
 f - 12 poisoned darts
 l - 2 boomerangs
 s - 69 stones
Armour
 g - a +0 chain mail
 v - a +0 ring mail
 J - a +2 hat (worn)
 L - a +0 troll leather armour (worn)
Jewellery
 h - a ring of see invisible
 j - a ring of willpower (left claw)
 x - a ring of flight (right claw)
 I - a +6 ring of intelligence
 N - a +4 ring of protection
 O - a ring of positive energy
Wands
 t - a wand of flame (44)
Scrolls
 b - a scroll of summoning
 A - 2 scrolls of teleportation
 C - 2 scrolls of fog
 F - a scroll of fear
 H - a scroll of blinking
 K - a scroll of vulnerability {unknown}
 M - 2 scrolls of revelation
Potions
 e - a potion of cancellation
 i - 4 potions of curing
 n - 2 potions of attraction
 p - 2 potions of lignification
 r - 2 potions of haste
 u - a potion of resistance {unknown}
 z - a potion of degeneration {unknown}
 B - a potion of magic {unknown}
 D - 3 potions of heal wounds {unknown}
 E - a potion of might {unknown}


   Skills:
 * Level 7.6 Fighting
 - Level 9.2 Long Blades
 + Level 2.2 Throwing
 * Level 4.7 Armour
 * Level 6.4 Dodging
 + Level 3.5 Stealth
 + Level 0.2 Evocations


You had 9 spell levels left.
You didn't know any spells.
Your spell library contained the following spells:

 Spells                   Type           Power      Damage    Failure   Level
 Slow                     Hex            0%         N/A       43%         1
 Lesser Beckoning         Tloc           0%         N/A       58%         2
 Confusing Touch          Hex            0%         N/A       82%         3
 Frozen Ramparts          Ice            0%         1d1       82%         3
 Inner Flame              Hex/Fire       0%         N/A       82%         3
 Maxwell's Portable Pile  Tloc           0%         2d(5-13)  82%         3
 Ozocubu's Armour         Ice            0%         N/A       82%         3
 Teleport Other           Tloc           0%         N/A       82%         3
 Vampiric Draining        Necr           0%         2d6       82%         3
 Flame Wave               Conj/Fire      0%         2d4       99%         4
 Sticky Flame             Fire/Alch      0%         2d4       99%         4
 Metabolic Englaciation   Hex/Ice        0%         N/A       100%        5
 Summon Forest            Summ/Tloc      0%         N/A       100%        5
 Eringya's Noxious Bog    Alch           0%         4d6       100%        6
 Summon Hydra             Summ           0%         N/A       100%        7


Dungeon Overview and Level Annotations

Branches:
Dungeon (8/15)             Temple (0/1) D:7           Sewer (visited)
 Bailey (1/1)
   Lair: D:8-11

Altars:
Ashenzari
Qazlal
Sif Muna

Shops:
D:5 ![:[[(   D:7 :

Annotations:
D:8 Jeremiah


Innate Abilities, Weirdness & Mutations

You have very sharp fingernails.
You have large cloven feet.
You regenerate a lot of health from kills.


Message History

You throw a boomerang. The boomerang hits the vault guard.
The vault guard is lightly wounded.
The blink frog blinks!
You slash the vault guard!
Lightning courses through the vault guard!!
The vault guard is heavily wounded.
The vault guard completely misses you.
You slash the vault guard! You kick the vault guard.
The vault guard is severely wounded.
The vault guard closely misses you. The blink frog hits you!
You barely miss the vault guard.
You kick the vault guard, but do no damage.
The vault guard is severely wounded.
The blink frog misses you.
The vault guard hits you with a +0 broad axe!
You closely miss the vault guard. Your kick misses the vault guard.
The vault guard is severely wounded.
The blink frog blinks!
The vault guard barely misses you.
You slash the vault guard!
The vault guard is almost dead.
The vault guard hits you with a +0 broad axe!
The blink frog blinks!
You closely miss the vault guard.
The vault guard is almost dead.
The vault guard hits you with a +0 broad axe!!
You closely miss the vault guard.
The vault guard is almost dead.
The blink frog blinks!
The vault guard hits you with a +0 broad axe.
You closely miss the vault guard. Your kick misses the vault guard.
The vault guard is almost dead.
The vault guard hits you with a +0 broad axe!
* * * LOW HITPOINT WARNING * * *
Throw: 4 throwing nets
Press: ? - help, Q - select action, (/) - cycle Shift-Dir - straight line, f/p - vault guard
Aim: a vault guard, wielding a +0 broad axe and wearing a +0 chain mail (almost dead, 60% to hit)
You throw a throwing net.
The throwing net closely misses the vault guard.
The vault guard hits you with a +0 broad axe!
You die...

#≈≈≈≈≈###
≈≈~~~~~≈≈##
~~~~~~~~~≈#
≈~~~~~~~~~≈
≈~~.~....~ ######
~~.~~...F##....$#
.........#.....!!
~~~.~.~~.@p.∩...$
≈≈≈~~~...#.....?!
####≈≈~.†.##....?#
#..###≈~..~#######
#)..~##≈.~~~#
#~...~#≈.~~##
##~~..#≈.~##
###~.')### ######


You could see a vault guard and a blink frog.

Vanquished Creatures
  A vault guard (Bailey)
  Pikel (D:6)
  A troll (D:6)
  Prince Ribbit (D:8)
  Sigmund (D:2)
  A human (Bailey)
  A steam dragon (D:6)
  3 black bears
  A sky beast (D:6)
  An ogre (D:4)
  3 centaurs
  A phantom (D:5)
  4 lemures (D:6)
  2 brain worms (Sewer)
  8 bullfrogs
  4 scorpions
  8 wights
  5 killer bees
  A bombardier beetle (D:3)
  2 orc priests
  2 jellies
  A gnoll bouda (D:6)
  3 hounds
  Jessica (D:2)
  3 scorpion zombies (D:6)
  2 iguanas (D:4)
  Natasha (thrice) (D:3)
  5 orc wizards
  Robin (D:2)
  3 gnolls
  8 adders
  4 howler monkey skeletons (D:6)
  4 river rats (Sewer)
  A white imp (D:6)
  5 dart slugs
  A ribbon worm (D:3)
  25 orcs
  A ball python (D:1)
  7 bats
  9 endoplasms
  5 giant cockroaches
  17 goblins
  9 hobgoblins
  6 jackals
  6 quokkas
  4 frilled lizards
  9 kobolds
  7 rats
202 creatures vanquished.

Notes
Turn   | Place    | Note
-------+----------+-------------------------------------------
     0 | D:1      | wildpjah the Demonspawn Gladiator began the quest for the
                  | Orb.
     0 | D:1      | Reached XP level 1. HP: 16/16 MP: 1/1
   203 | D:1      | Discovered your monstrous ancestry.
   203 | D:1      | Gained mutation: You have large cloven feet. [demonic
                  | ancestry]
   203 | D:1      | Reached XP level 2. HP: 18/22 MP: 2/2
   844 | D:2      | Reached skill level 3 in Long Blades
   917 | D:2      | Gained mutation: You have sharp fingernails. [demonic
                  | ancestry]
   917 | D:2      | Reached XP level 3. HP: 26/27 MP: 3/3
  1023 | D:2      | Noticed Sigmund
  1041 | D:2      | Killed Sigmund
  1042 | D:2      | Reached skill level 4 in Long Blades
  1042 | D:2      | Reached skill level 1 in Armour
  1042 | D:2      | Gained mutation: You regenerate a little health from kills.
                  | [demonic ancestry]
  1042 | D:2      | Reached XP level 4. HP: 14/34 MP: 4/4
  1042 | D:2      | Gained mutation: You regenerate health from kills. [demonic
                  | ancestry]
  1042 | D:2      | Reached XP level 5. HP: 16/39 MP: 5/5
  1266 | D:2      | Noticed Jessica
  1271 | D:2      | Killed Jessica
  1272 | D:2      | Reached skill level 1 in Stealth
  1333 | D:2      | Noticed Robin
  1353 | D:2      | Killed Robin
  1373 | D:2      | Identified a scroll of acquirement
  1373 | D:2      | Acquired a +1 double sword of electrocution
  1978 | D:3      | Reached XP level 6. HP: 44/46 MP: 6/6
  2076 | D:3      | Found a faded altar of an unknown god.
  2166 | D:3      | Found a broken altar of Ashenzari.
  2218 | D:3      | Reached skill level 5 in Long Blades
  2287 | D:3      | Found a glowing drain.
  2291 | Sewer    | Entered a sewer
  2459 | Sewer    | Reached XP level 7. HP: 21/51 MP: 2/7
  2857 | D:3      | Noticed Natasha
  2861 | D:3      | Killed Natasha
  2884 | D:3      | Noticed Natasha
  2894 | D:3      | Killed Natasha
  2895 | D:3      | Reached skill level 6 in Long Blades
  3037 | D:3      | Noticed Natasha
  3041 | D:3      | Killed Natasha
  3847 | D:5      | Entered Level 5 of the Dungeon
  3847 | D:5      | Found Paygh's Antique Armour Boutique.
  3851 | D:5      | Found Deogow's Book Shop.
  3851 | D:5      | Found Beammoad's Weapon Shop.
  3851 | D:5      | Found Qoly's Armour Boutique.
  3869 | D:5      | Found Ufois's Antique Armour Shop.
  3869 | D:5      | Found Ygysuc's Distillery.
  3894 | D:5      | Bought a glowing hat for 126 gold pieces
  4009 | D:5      | You are sucked into a shaft and drop 1 floor!
  4062 | D:6      | Reached skill level 7 in Long Blades
  4062 | D:6      | Gained mutation: You have very sharp fingernails. [demonic
                  | ancestry]
  4062 | D:6      | Reached XP level 8. HP: 54/60 MP: 8/8
  4215 | D:6      | Noticed Pikel
  4242 | D:6      | Killed Pikel
  4243 | D:6      | Reached skill level 8 in Long Blades
  4345 | D:6      | Reached skill level 5 in Dodging
  4370 | D:6      | Found a shimmering blue altar of Sif Muna.
  4399 | D:6      | Reached XP level 9. HP: 57/65 MP: 9/9
  4713 | D:6      | Noticed a troll
  4719 | D:6      | Killed a troll
  4720 | D:6      | Reached skill level 9 in Long Blades
  4922 | D:5      | Found a stormy altar of Qazlal.
  5257 | D:6      | Reached skill level 5 in Fighting
  5817 | D:7      | Found Keek's Book Shop.
  6008 | D:7      | Found a staircase to the Ecumenical Temple.
  6294 | D:8      | Noticed Prince Ribbit
  6302 | D:8      | Killed Prince Ribbit
  6323 | D:8      | Noticed Jeremiah
  6411 | D:8      | Found a flagged portal.
  6423 | Bailey   | Entered a bailey
  6426 | Bailey   | Noticed a vault guard
  6435 | Bailey   | Killed a vault guard
  6436 | Bailey   | Gained mutation: You regenerate a lot of health from kills.
                  | [demonic ancestry]
  6436 | Bailey   | Reached XP level 10. HP: 16/79 MP: 10/10
  6564 | Bailey   | Noticed a vault guard
  6581 | Bailey   | Slain by a vault guard

Illustrated notes

Levels and vault maps discovered:
D:1:      eino_arrival_cavern_e, layout_basic, kennysheep_another_room
D:2:      layout_basic, uniq_robin, uniq_sigmund, uniq_jessica
D:3:      layout_basic, mainiacjoe_overflow_surrounded_room,
          basic_ecumenical_altar, gup_sewer_entry_spiral, uniq_natasha
D:4:      layout_loops_ring
D:5:      layout_basic, overflow_temple_1_default,
          nicolae_shop_national_dungeon_mall
D:6:      layout_loops_cross, lemuel_tele_altar,
          mainiacjoe_ossuary_entry_find_the_door, uniq_pikel
D:7:      layout_loops_ring, minmay_temple_entry_from_below_b, serial_shops,
          nicolae_shop_tiny_glass
D:8:      layout_basic, enter_bailey_3, ebering_ghost_disaster_area,
          minmay_starry_boxes, uniq_jeremiah, uniq_prince_ribbit1, uniq_psyche
Bailey:   bailey_axe_froggy_fort_hellmonk, bailey

Skill      XL: |  1  2  3  4  5  6  7  8  9 10 |
---------------+-------------------------------+-----
Dodging        | 3 4 5 6 |  6.4
Throwing       | 2 |  2.2
Long Blades    | 3 4 5 7 8 9 |  9.2
Armour         | 1 3 4 |  4.7
Stealth        | 1 2 3 |  3.5
Fighting       | 3 4 7 |  7.6
Evocations     | |  0.2

Action                     |  1- 3 |  4- 6 |  7- 9 | 10-12 || total
---------------------------+-------+-------+-------+-------++-------
  Melee: Long sword        |    49 |       |       |       ||    49
         Kick              |    12 |    17 |    66 |     4 ||    99
         Falchion          |    10 |    28 |       |       ||    38
         Double sword      |       |    86 |   293 |    27 ||   406
         Dagger            |       |     5 |       |       ||     5
  Throw: Javelin           |     1 |     1 |       |     1 ||     3
         Throwing net      |     1 |       |     1 |     2 ||     4
         Stone             |       |       |     2 |       ||     2
         Boomerang         |       |       |       |     5 ||     5
  Evoke: Wand              |       |       |     2 |       ||     2
    Use: Scroll            |       |     2 |     7 |     6 ||    15
         Potion            |       |       |     1 |       ||     1
   Stab: Sleeping          |     2 |     3 |     5 |       ||    10
 Armour: Leather armour    |    38 |    47 |       |       ||    85
         Ring mail         |       |    22 |   106 |       ||   128
         Troll leather arm |       |       |    54 |    21 ||    75
         Skin              |       |       |     4 |       ||     4
  Dodge: Dodged            |    39 |    73 |   160 |    31 ||   303

Table legend: (Time is in decaauts)
 A = Elapsed time spent in this place.
 B = Non-inter-level travel time spent in this place.
 C = Inter-level travel time spent in this place.
 D = Time resting spent in this place.
 E = Time spent auto-exploring this place.
 F = Levels seen in this place.
 G = Mean time per level.
                   A        B        C        D        E       F      G
               +--------+--------+--------+--------+--------+-----+--------+
         Total |   6644 |   6411 |    233 |    233 |   4385 |  10 |  664.4 |
       Dungeon |   5994 |   5761 |    233 |    120 |   4061 |   8 |  749.2 |
         Sewer |    490 |    490 |      0 |     34 |    320 |   1 |  490.0 |
        Bailey |    160 |    160 |      0 |     79 |      4 |   1 |  160.0 |
               +--------+--------+--------+--------+--------+-----+--------+

Top non-repeatable levels by time:
     D:2: 1049 daAuts
     D:6: 994 daAuts
     D:3: 894 daAuts
     D:1: 824 daAuts
     D:5: 711 daAuts
     D:7: 677 daAuts
     D:4: 635 daAuts
   Sewer: 490 daAuts
     D:8: 207 daAuts
  Bailey: 160 daAuts
